Map: Winter's Gate LE

Players

Djorn - Winner!

  • Race: Protoss Protoss
  • Spawn Location: 11:00

VOD

Have the link to the VOD?

Description

Time

  • Played on: Aug. 21, 2019, 12:40 a.m.
  • Length: 23:33
Show
View Real Time Build Order
Export as new Build Order

Djorn Protoss - Winner!

Build Orders:  

Get SALT Encoding   

  12  0:09  Probe (Chrono Boost)  
  13  0:26  Probe (Chrono Boost)  
  14  0:43  Probe (Chrono Boost)  
  14  0:45  Pylon  
  15  1:12  Probe (Chrono Boost)  
  16  1:29  Gateway  
  16  1:31  Probe (Chrono Boost)  
  17  1:43  Probe (Chrono Boost)  
  18  1:51  Assimilator  
  18  1:58  Probe (Chrono Boost)  
  19  2:09  Probe (Chrono Boost)  
  20  2:20  Probe (Chrono Boost)  
  20  3:15  Cybernetics Core  
  20  3:17  Probe (Chrono Boost)  
  20  3:19  Zealot  
  23  3:40  Pylon  
  23  4:07  Probe (Chrono Boost)  
  23  4:08  Assimilator  
  24  4:17  Pylon  
  24  4:21  Pylon  
  24  4:29  Pylon  
  25  4:40  Probe (Chrono Boost)  
  27  5:09  Nexus  
  27  5:27  Warp Gate  
  27  5:41  Unknown  
  27  6:13  Shield Battery  
  27  6:17  Unknown  
  27  6:45  Zealot  
  29  7:01  Gateway  
  29  7:02  Gateway  
  29  7:05  Gateway  
  29  7:09  Robotics Facility  
  29  7:12  Stargate  
  29  7:29  Probe (Chrono Boost)  
  30  7:33  Zealot  
  32  7:46  Probe (Chrono Boost)  
  33  7:51  Twilight Council  
  33  7:56  Forge  
  33  7:58  Forge  
  31  8:03  Probe (Chrono Boost)  
  28  8:15  Zealot  
  31  8:20  Probe (Chrono Boost)  
  31  8:26  Zealot x3  
  33  8:35  Oracle  
  33  8:36  Immortal  
  33  8:37  Probe (Chrono Boost)  
  37  8:49  Zealot  
  36  9:00  Zealot x2  
  36  9:01  Zealot  
  38  9:20  Immortal  
  36  9:35  Zealot  
  36  9:36  Zealot x2  
  36  9:38  Zealot  
  46  9:42  Unknown  
  46  9:53  Phoenix  
  46  10:04  Unknown  
  46  10:07  Observer  
  49  10:23  Phoenix  
  51  10:31  Warp Prism  
  53  10:58  Phoenix  
  55  11:03  Probe (Chrono Boost)  
  57  11:20  Immortal, Probe (Chrono Boost)  
  61  11:37  Probe (Chrono Boost)  
  61  11:54  Probe (Chrono Boost)  
  62  12:00  Zealot x4  
  70  12:13  Pylon  
  70  12:16  Pylon  
  70  12:24  Pylon  
  70  12:35  Pylon  
  70  12:38  Observer  
  72  12:40  Probe (Chrono Boost)  
  72  12:44  Protoss Ground Armor Level 1  
  72  12:48  Gateway  
  72  12:52  Gateway  
  72  12:57  Gateway  
  72  13:01  Gateway, Protoss Ground Weapons Level 1  
  72  13:06  Phoenix  
  72  13:07  Gateway  
  74  13:24  Nexus  
  74  13:41  Charge  
  74  13:46  Stalker x3  
  76  14:09  Unknown  
  76  14:21  Pylon  
  76  14:26  Pylon  
  76  14:35  Pylon  
  76  14:54  Immortal  
  80  15:15  Probe (Chrono Boost)  
  81  15:23  Zealot  
  81  15:24  Zealot x5  
  94  15:30  Adept x3  
  94  15:32  Probe (Chrono Boost)  
  100  15:49  Immortal, Probe (Chrono Boost)  
  105  16:06  Probe (Chrono Boost)  
  106  16:18  Phoenix  
  108  16:23  Probe (Chrono Boost)  
  109  16:30  Zealot x2  
  109  16:31  Zealot x3  
  109  16:32  Zealot x2  
  123  16:51  Pylon  
  123  16:53  Phoenix  
  125  17:01  Unknown  
  125  17:05  Pylon, Probe (Chrono Boost)  
  126  17:18  Assimilator  
  127  17:21  Assimilator  
  127  17:22  Probe (Chrono Boost)  
  127  17:27  Phoenix  
  129  17:32  Probe (Chrono Boost)  
  129  17:39  Probe (Chrono Boost)  
  131  17:40  Stalker  
  131  17:41  Stalker  
  131  17:43  Stalker  
  131  17:44  Stalker x3  
  131  17:49  Probe (Chrono Boost)  
  144  17:56  Probe (Chrono Boost)  
  145  18:01  Protoss Ground Weapons Level 2  
  145  18:13  Probe (Chrono Boost)  
  146  18:40  Immortal  
  146  18:43  Protoss Ground Armor Level 2  
  150  19:32  Unknown  
  154  20:05  Immortal  
  154  20:11  Phoenix  
  154  20:31  Unknown  
  144  20:46  Phoenix  
  143  20:56  Zealot  
  143  20:59  Zealot x2, Unknown  
  144  21:00  Zealot x3  
  144  21:02  Zealot x3  
  150  21:50  Blink  
  148  22:07  Unknown  
  126  22:52  Zealot x3  
  126  22:53  Zealot x3  
  126  22:54  Zealot x3  
Tags
 
Matchup
Co-op
Replay Pack
sc2replays
Add a new tag
Caveats
  • Supply blocks, unpowered buildings, or Contaminate may cause inaccurate times.
  • Supply counts are checked every 10 seconds.